 Dungeon Crawl Stone Soup version 0.26-a0-438-g4b1dca4f87 (webtiles) character file.

Game seed: 7663302066155956880

400 Morbidden the Conjurer (level 6, -6/34 HPs)
             Began as a Deep Elf Conjurer on July 26, 2020.
             Was an Initiate of Cheibriados.
             Mangled by Edmund
             ... wielding a +4 dire flail of protection
              (9 damage)
             ... on level 4 of the Dungeon.
             The game lasted 00:07:12 (3631 turns).

Morbidden the Conjurer (Deep Elf Conjurer)          Turns: 3631, Time: 00:07:12

Health: -6/34      AC:  2    Str:  7    XL:     6   Next: 54%
Magic:  1/16       EV: 13    Int: 24    God:    Cheibriados [......]
Gold:   197        SH:  0    Dex: 14    Spells: 12/15 levels left

rFire    . . .     SeeInvis .   (no weapon)
rCold    + . .     Faith    .   (no shield)
rNeg     . . .     Spirit   .   a - +0 robe
rPois    .         Reflect  .   (no helmet)
rElec    .         Harm     .   (no cloak)
rCorr    .                      (no gloves)
MR       .....                  (no boots)
Stlth    +++.......             (no amulet)
HPRegen  0.11/turn              d - ring of protection from cold
MPRegen  0.15/turn              (no ring)

@: very slow
A: no striking features
a: Bend Time, Renounce Religion


You were on level 4 of the Dungeon.
You worshipped Cheibriados.
Cheibriados was noncommittal.
You visited 1 branch of the dungeon, and saw 4 of its levels.

You collected 197 gold pieces.

Inventory:

Missiles
 c - 40 poisoned darts (quivered)
Armour
 a - a +0 robe (worn)
Jewellery
 d - a ring of protection from cold (left hand)
Scrolls
 b - a scroll of fear {unknown}
 f - 2 scrolls of amnesia {unknown}
 g - 2 scrolls of identify {unknown}
 j - a scroll of fog {unknown}
Potions
 e - a potion of mutation {unknown}
 h - a potion of berserk rage {unknown}
 i - a potion of might {unknown}
 k - 2 potions of heal wounds {unknown}


   Skills:
 * Level 1.3 Fighting
 + Level 0.9 Throwing
 * Level 3.5 Dodging
 + Level 4.2 Stealth
 * Level 5.4 Spellcasting
 + Level 6.2 Conjurations
 * Level 0.1 Invocations


You had 12 spell levels left.
You knew the following spells:

 Your Spells              Type           Power        Failure   Level
a - Magic Dart            Conj           ####         1%          1
b - Searing Ray           Conj           #####.       1%          2

Your spell library contained the following spells:

 Spells                   Type           Power        Failure   Level
 Dazzling Flash           Conj/Hex       ###...       7%          3
 Fulminant Prism          Conj/Hex       ###.......   24%         4
 Iskenderun's Mystic Bla  Conj/Tloc      ###.....     24%         4


Dungeon Overview and Level Annotations

Branches:
Dungeon (4/15)
 Temple: D:4-7

Altars:
Cheibriados
Qazlal
Sif Muna

Annotations:
D:4 Edmund


Message History

Edmund hits you with a +4 dire flail of protection!
Ouch! That really hurt!
* * * LOW HITPOINT WARNING * * *
Unknown command.
Casting: Searing Ray (safe; 1% risk of failure)
Confirm with . or Enter, or press ? or * to list all spells.
Aiming: Searing Ray (safe; 1% risk of failure)
Press: ? - help, Shift-Dir - straight line, f/p - Edmund
Aim: Edmund, wielding a +4 dire flail of protection and wearing a +0 leather armour (almost dead)
The searing ray misses Edmund. (Press . to maintain the ray.)
The searing ray hits Edmund but does no damage.
Edmund is almost dead.
A hound comes into view.
Edmund hits you with a +4 dire flail of protection.
* * * LOW HITPOINT WARNING * * *
The searing ray hits Edmund.
Edmund is almost dead.
Edmund hits you with a +4 dire flail of protection!
You die...

#..#.....#
#..+.....#
#..#.....##
###+##..#.....<#
........#......#
...............#
######........#
###.###....####....#
......@@...# #....#
......#....# #....#
.)... #....# #....#
.... #....# #....#
..h #....# ....# ##
#....# ######


You could see Edmund and a hound (wandering).

Vanquished Creatures
  Sigmund (D:2)
  An orc priest (D:3)
  Natasha (thrice) (D:2)
  5 adders
  2 oozes (D:1)
  2 worms (D:2)
  2 dart slugs (D:1)
  2 leopard geckos
  3 orcs (D:3)
  2 ball pythons (D:3)
  11 bats
  3 giant cockroaches (D:2)
  3 hobgoblins
  3 jackals (D:1)
  13 kobolds
  11 frilled lizards
  6 goblins
  4 rats
77 creatures vanquished.

Notes
Turn   | Place    | Note
-------+----------+-------------------------------------------
     0 | D:1      | Morbidden the Deep Elf Conjurer began the quest for the
                  | Orb.
     0 | D:1      | Reached XP level 1. HP: 10/10 MP: 6/6
   201 | D:1      | Reached XP level 2. HP: 15/15 MP: 4/8
   754 | D:1      | Reached XP level 3. HP: 20/20 MP: 3/9
   989 | D:1      | Reached skill level 5 in Conjurations
  1125 | D:2      | Learned a level 2 spell: Searing Ray
  1147 | D:2      | Noticed Natasha
  1152 | D:2      | Killed Natasha
  1152 | D:2      | Reached XP level 4. HP: 16/24 MP: 2/11
  1307 | D:2      | Noticed Sigmund
  1368 | D:2      | Killed Sigmund
  1368 | D:2      | Reached skill level 1 in Fighting
  1368 | D:2      | Reached skill level 6 in Conjurations
  1368 | D:2      | Reached XP level 5. HP: 14/29 MP: 5/14
  1685 | D:2      | Found a shimmering blue altar of Sif Muna.
  1796 | D:2      | Reached XP level 6. HP: 34/34 MP: 11/15
  2055 | D:2      | Noticed Natasha
  2058 | D:2      | Killed Natasha
  2426 | D:2      | Noticed Natasha
  2440 | D:2      | Killed Natasha
  2662 | D:3      | Reached skill level 5 in Spellcasting
  2862 | D:3      | Found a snail-covered altar of Cheibriados.
  2910 | D:3      | Became a worshipper of Cheibriados the Contemplative
  3164 | D:3      | Found a stormy altar of Qazlal.
  3166 | D:3      | Noticed an air elemental
  3194 | D:3      | Noticed a water elemental
  3194 | D:3      | Noticed a fire elemental
  3618 | D:4      | Noticed Edmund
  3631 | D:4      | Mangled by Edmund

Illustrated notes

Levels and vault maps discovered:
D:1:      lightli_arrival_farm, layout_rooms, minmay_lizard_pond
D:2:      minmay_spotlight, layout_loops_ring, overflow_temple_1_default,
          serial_rivers, chequers_serial_rivers_small_b,
          chequers_serial_rivers_micro_d, chequers_serial_rivers_small_a,
          chequers_serial_rivers_micro_a, minmay_tromino_v4_c, uniq_sigmund,
          uniq_natasha
D:3:      layout_basic, cheibriados_altar_1, nicolae_qazlal_style_of_elements,
          st_stairs_8
D:4:      layout_gridville, nicolae_overflow_hidden_temple,
          kennysheep_small_spiral, uniq_edmund

Skill      XL: |  1  2  3  4  5  6 |
---------------+-------------------+-----
Stealth        | 3 4 |  4.2
Conjurations   | 5 6 |  6.2
Fighting       | 1 |  1.3
Dodging        | 3 |  3.5
Spellcasting   | 4 5 |  5.4
Throwing       | |  0.9
Invocations    | |  0.1

Action                   |  1- 3 |  4- 6 || total
-------------------------+-------+-------++-------
Melee: Unarmed           |     1 |     1 ||     2
Throw: Dart              |     3 |       ||     3
 Cast: Magic Dart        |    60 |    87 ||   147
       Searing Ray       |       |    12 ||    12
Armor: Robe              |     6 |     2 ||     8
Dodge: Dodged            |    19 |     9 ||    28

Table legend: (Time is in decaauts)
 A = Elapsed time spent in this place.
 B = Non-inter-level travel time spent in this place.
 C = Inter-level travel time spent in this place.
 D = Time resting spent in this place.
 E = Time spent auto-exploring this place.
 F = Levels seen in this place.
 G = Mean time per level.
                   A        B        C        D        E       F      G
               +--------+--------+--------+--------+--------+-----+--------+
         Total |   3822 |   3743 |     79 |    164 |   3202 |   4 |  955.5 |
       Dungeon |   3822 |   3743 |     79 |    164 |   3202 |   4 |  955.5 |
               +--------+--------+--------+--------+--------+-----+--------+

Top non-repeatable levels by time:
     D:2: 1461 daAuts
     D:3: 1190 daAuts
     D:1: 1142 daAuts
     D:4: 28 daAuts
